 Dungeon Sprint DCSS version 0.21.2 (webtiles) character file.

18743 Fang the Severer (level 12, -6/92 HPs)
             Began as a Gargoyle Berserker on Oct 9, 2018.
             Was an Elder of Trog.
             Mangled by an ettin
             ... wielding a +0 dire flail
              (25 damage)
             ... in the Dungeon (Sprint IX: "|||||||||||||||||||||||||||||").
             The game lasted 00:08:07 (3148 turns).

Fang the Severer (Gargoyle Berserker)               Turns: 3148, Time: 00:08:08

Health: -6/92      AC: 32    Str: 29    XL:     12   Next: 61%
Magic:  7/7        EV: 12    Int: 13    God:    Trog [****..]
Gold:   1809       SH:  0    Dex: 12    Spells: 11/11 levels left

rFire    . . .     SeeInvis .   A - +5 war axe (antimagic)
rCold    . . .     Gourm    .   (no shield)
rNeg     + . .     Faith    .   B - +0 plate armour
rPois    ∞         Spirit   .   x - +3 hat of Pondering {ponderous, MR+ MP+10 Int+5}
rElec    +         Reflect  .   G - +1 cloak
rCorr    .         Harm     .   (no gloves)
MR       +....     NoTele   +   r - +0 pair of boots
Stlth    ..........             (no amulet)
HPRegen  0.25/turn              o - +3 ring of dexterity
MPRegen  0.10/turn              p - +3 ring of strength

@: berserk cooldown, slowed, very slow
A: negative energy resistance 1, electricity resistance, unbreathing,
petrification resistance, rot immunity, AC +8
a: Berserk, Trog's Hand, Brothers in Arms, Burn Spellbooks, Renounce Religion


You were in the Dungeon.
You worshipped Trog.
Trog was greatly pleased with you.
You were near starving.

You visited 1 branch You collected 1874 gold pieces.
You spent 65 gold pieces at shops.

Inventory:

Hand Weapons
 j - a +3 battleaxe of electrocution
 n - a +1 broad axe of chopping
 w - a +4 battleaxe of venom
 z - a +0 war axe of chopping
 A - a +5 antimagic war axe (weapon)
Armour
 r - a +0 pair of boots (worn)
 x - the +3 hat of Pondering (worn) {ponderous, MR+ MP+10 Int+5}
   (You took it off Gastronok in the Dungeon)

   It affects your intelligence (+5).
   It affects your resistance to hostile enchantments.
   It affects your magic capacity (+10).
 B - a +0 plate armour (worn)
 G - a +1 cloak (worn)
Jewellery
 o - a +3 ring of dexterity (left hand)
 p - a +3 ring of strength (right hand)
 C - an uncursed ring of protection from magic
 D - an uncursed ring of fire
 E - an uncursed ring of magical power
 F - an uncursed ring of protection from fire
Wands
 m - a wand of acid (10)
 y - a wand of paralysis (9)
Scrolls
 i - 3 scrolls of blinking
 l - 5 scrolls of remove curse
 s - 2 scrolls of fear
 t - 4 scrolls of enchant weapon
 u - a scroll of fog
 v - 2 scrolls of enchant armour
Potions
 a - 3 potions of might
 b - a potion of brilliance
 d - 6 potions of curing
 e - 2 potions of heal wounds
 f - 3 potions of haste
 g - 4 potions of magic
 h - a potion of berserk rage
 k - a potion of invisibility
 q - a potion of flight {unknown}
 H - a potion of agility
Comestibles
 c - 10 rations


   Skills:
 + Level 18.0 Fighting
 + Level 19.0 Axes
 + Level 13.5 Armour
 + Level 8.1 Dodging
 + Level 3.8 Stealth


You had 11 spell levels left.
You didn't know any spells.

Dungeon Overview and Level Annotations

Branches:
Dungeon (1/1)

Altars:
Cheibriados
Dithmenos
Elyvilon
Fedhas
Gozag
Hepliaklqana
Kikubaaqudgha
Makhleb
Nemelex Xobeh
Okawaru
Qazlal
Ru
Sif Muna
Trog
Uskayaw
Vehumet
Wu Jian
Xom
Yredelemnul
Zin
The Shining One
Beogh
Jiyva
Lugonu

Shops:
D (*=!


Innate Abilities, Weirdness & Mutations

You are resistant to torment.
Your stone body is resilient. (AC +8)
You are immune to poison.
You resist negative energy. (rN+)
You are resistant to electric shocks. (rElec)
You can survive without breathing.
You are immune to petrification.
You are immune to rotting.


Message History

The rakshasa hits you but does no damage.
You hit the rakshasa but do no damage.
The rakshasa is severely wounded.
You hit the ettin.
The rakshasa weaves an illusion.
The ettin hits you but does no damage. The ettin misses you.
The rakshasa closely misses you.
Unknown command.
You slash the ettin!
The ettin is heavily wounded.
You closely miss the rakshasa.
The rakshasa hits you but does no damage.
The ettin hits you but does no damage. The ettin barely misses you.
Unknown command.
You hit the rakshasa.
The rakshasa's magic leaks into the air.
The rakshasa is almost dead.
You hit the ettin. The rakshasa closely misses you.
The ettin hits you with a dire flail!!
You die...

▓▓▓▓▓▓▓▓▓▓▓▓▓▓▓▓▓▓▓▓▓▓▓▓▓▓▓▓▓▓▓▓▓
.5RR...))[R)RRCC@RR...R[.[[[[[.))
▓▓▓▓▓▓▓▓▓▓▓▓▓▓▓▓▓▓▓▓▓▓▓▓▓▓▓▓▓▓▓▓▓
)................................
▓▓▓▓▓▓▓▓▓▓▓▓▓▓▓▓▓▓▓▓▓▓▓▓▓▓▓▓▓▓▓▓▓
)∩)∩.∩.∩...))(....))))).[)).....)
▓▓▓▓▓▓▓▓▓▓▓▓▓▓▓▓▓▓▓▓▓▓▓▓▓▓▓▓▓▓▓▓▓
......%.........................)
▓▓▓▓▓▓▓▓▓▓▓▓▓▓▓▓▓▓▓▓▓▓▓▓▓▓▓▓▓▓▓▓▓
!..[........'.........')........'


You could see 2 ettins and 6 rakshasas.

Vanquished Creatures
  Gastronok (D)
  A great orb of eyes (D)
  A fire dragon (D)
  Harold (D)
  A hydra (D)
  2 orc high priests (D)
  A hell knight (D)
  An unseen horror (D)
  4 orc knights (D)
  A manticore (D)
  Joseph (D)
  Maurice (D)
  2 black mambas (D)
  A spiny frog (D)
  A yaktaur (D)
  A komodo dragon (D)
  A troll (D)
  A tengu conjurer (D)
  A tyrant leech (D)
  5 hippogriffs (D)
  2 yaks (D)
  A hungry ghost (D)
  A porcupine (D)
  A water moccasin (D)
  4 orc warriors (D)
  A black bear (D)
  An ogre (D)
  A centaur (D)
  5 bullfrogs (D)
  A killer bee (D)
  2 wights (D)
  A crimson imp (D)
  A hound (D)
  3 orc wizards (D)
  2 orc priests (D)
  4 worker ants (D)
  An adder (D)
  A worm (D)
  5 orcs (D)
  2 bats (D)
  2 giant cockroaches (D)
  A frilled lizard (D)
  A rat (D)
73 creatures vanquished.

Vanquished Creatures (collateral kills)
  2 very ugly things (D)
  5 orc high priests (D)
  2 lindwurms (D)
  4 orc knights (D)
  8 orc warriors (D)
  An orc wizard (D)
  4 worms (D)
  An orc (D)
27 creatures vanquished.

Vanquished Creatures (others)
  A kobold demonologist (D)
1 creature vanquished.

Grand Total: 101 creatures vanquished

Notes
Turn   | Place    | Note
-------+----------+-------------------------------------------
     0 | D        | Fang the Gargoyle Berserker began the quest for the Orb.
     0 | D        | Reached XP level 1. HP: 14/14 MP: 1/1
     6 | D        | Reached skill level 3 in Axes
    12 | D        | Reached ** piety under Trog
    44 | D        | Noticed a worker ant
    44 | D        | Noticed a worker ant
    44 | D        | Noticed a centaur
    46 | D        | Reached XP level 2. HP: 20/20 MP: 2/2
    50 | D        | Killed a centaur
    50 | D        | Reached *** piety under Trog
    50 | D        | Reached skill level 5 in Axes
    50 | D        | Reached XP level 3. HP: 28/28 MP: 3/3
    50 | D        | Reached XP level 4. HP: 32/32 MP: 4/4
    54 | D        | Reached skill level 6 in Axes
    55 | D        | Reached XP level 5. HP: 38/38 MP: 5/5
    58 | D        | Received a gift from Trog
   217 | D        | Found a roughly hewn altar of Beogh.
   217 | D        | Found a snail-covered altar of Cheibriados.
   217 | D        | Found a shadowy altar of Dithmenos.
   217 | D        | Found a white marble altar of Elyvilon.
   217 | D        | Found a blossoming altar of Fedhas.
   217 | D        | Found an opulent altar of Gozag.
   218 | D        | Found a hazy altar of Hepliaklqana.
   219 | D        | Found a viscous altar of Jiyva.
   220 | D        | Found an ancient bone altar of Kikubaaqudgha.
   221 | D        | Found a corrupted altar of Lugonu.
   222 | D        | Found a burning altar of Makhleb.
   223 | D        | Found a sparkling altar of Nemelex Xobeh.
   224 | D        | Found an iron altar of Okawaru.
   225 | D        | Found a stormy altar of Qazlal.
   226 | D        | Found a sacrificial altar of Ru.
   227 | D        | Found a deep blue altar of Sif Muna.
   228 | D        | Found a bloodstained altar of Trog.
   229 | D        | Found a hide-covered altar of Uskayaw.
   230 | D        | Found a radiant altar of Vehumet.
   231 | D        | Found an ornate altar of the Wu Jian Council.
   232 | D        | Found a shimmering altar of Xom.
   233 | D        | Found a basalt altar of Yredelemnul.
   234 | D        | Found a glowing silver altar of Zin.
   235 | D        | Found a glowing golden altar of the Shining One.
   262 | D        | Noticed a black bear
   262 | D        | Noticed an ogre
   262 | D        | Noticed an orc warrior
   265 | D        | Reached skill level 7 in Axes
   268 | D        | Reached **** piety under Trog
   271 | D        | Killed an orc warrior
   271 | D        | Reached skill level 8 in Axes
   271 | D        | Reached skill level 5 in Armour
   271 | D        | Reached XP level 6. HP: 45/45 MP: 6/6
   274 | D        | Reached skill level 9 in Axes
   274 | D        | Reached skill level 1 in Stealth
   278 | D        | Killed a black bear
   278 | D        | Reached XP level 7. HP: 52/52 MP: 7/7
   338 | D        | Noticed a hippogriff
   342 | D        | Killed a hippogriff
   342 | D        | Reached skill level 10 in Fighting
   342 | D        | Reached skill level 10 in Axes
   344 | D        | Reached ***** piety under Trog
   346 | D        | Killed an unseen horror
   346 | D        | Reached skill level 11 in Axes
   346 | D        | Reached skill level 5 in Dodging
   346 | D        | Reached XP level 8. HP: 60/60 MP: 8/8
   513 | D        | Noticed a five-headed hydra
   513 | D        | Noticed a spiny frog
   513 | D        | Noticed a hippogriff
   518 | D        | Reached skill level 12 in Axes
   519 | D        | Noticed a hippogriff
   521 | D        | Noticed a yak
   524 | D        | Killed a hippogriff
   528 | D        | Killed a nine-headed hydra
   528 | D        | Reached skill level 13 in Axes
   528 | D        | Reached XP level 9. HP: 67/67 MP: 9/9
   530 | D        | Received a gift from Trog
   531 | D        | Killed a spiny frog
   531 | D        | Reached ****** piety under Trog
   537 | D        | Reached skill level 14 in Axes
   803 | D        | Noticed a black mamba
   803 | D        | Noticed a black mamba
   806 | D        | Noticed a komodo dragon
   811 | D        | Killed a black mamba
   811 | D        | Reached XP level 10. HP: 74/74 MP: 10/10
   819 | D        | Killed a black mamba
   820 | D        | Reached skill level 15 in Axes
   824 | D        | Received a gift from Trog
  1038 | D        | Noticed a lindwurm
  1038 | D        | Noticed a lindwurm
  1061 | D        | Killed a lindwurm
  1063 | D        | Killed a lindwurm
  1063 | D        | Received a gift from Trog
  1528 | D        | Noticed Gastronok
  1538 | D        | Killed Gastronok
  1538 | D        | Reached skill level 15 in Fighting
  1538 | D        | Reached skill level 16 in Axes
  1538 | D        | Reached XP level 11. HP: 81/81 MP: 11/11
  1586 | D        | Noticed Maurice
  1593 | D        | Killed Maurice
  1593 | D        | Received a gift from Trog
  1612 | D        | Noticed Harold
  1625 | D        | Killed Harold
  1625 | D        | Reached skill level 10 in Armour
  1847 | D        | Received a gift from Trog
  2052 | D        | Noticed an orc high priest
  2058 | D        | Received a gift from Trog
  2058 | D        | Reached skill level 17 in Axes
  2062 | D        | Killed an orc high priest
  2069 | D        | Noticed an orc knight
  2074 | D        | Killed an orc knight
  2076 | D        | Received a gift from Trog
  2123 | D        | Found Ygreh's Distillery.
  2123 | D        | Noticed an orc knight
  2123 | D        | Noticed an orc high priest
  2123 | D        | Noticed an orc knight
  2123 | D        | Noticed an orc knight
  2123 | D        | Noticed an orc knight
  2127 | D        | Killed an orc knight
  2129 | D        | Killed an orc knight
  2131 | D        | Killed an orc knight
  2132 | D        | Killed an orc high priest
  2135 | D        | Noticed an orc high priest
  2137 | D        | Noticed a sun demon
  2145 | D        | Killed an orc knight
  2153 | D        | Killed an orc high priest
  2154 | D        | Noticed an orc high priest
  2177 | D        | Killed an orc high priest
  2312 | D        | Noticed an orc high priest
  2322 | D        | Noticed an orc knight
  2330 | D        | Killed an orc high priest
  2339 | D        | Killed an orc knight
  2339 | D        | Reached skill level 18 in Axes
  2415 | D        | Found Vemiffas's Jewellery Shop.
  2419 | D        | Found Cesseu Kiama's Assorted Antiques.
  2423 | D        | Found Fibif's Antique Weapon Shop.
  2426 | D        | Bought a potion of heal wounds for 65 gold pieces
  2426 | D        | Noticed an orc knight
  2427 | D        | Noticed an orc knight
  2428 | D        | Noticed an orc high priest
  2429 | D        | Noticed an orc high priest
  2432 | D        | Noticed a sixfirhy
  2439 | D        | Killed an orc knight
  2439 | D        | Received a gift from Trog
  2445 | D        | Killed an orc knight
  2445 | D        | Reached XP level 12. HP: 20/90 MP: 7/12
  2450 | D        | HP: 6/135 [ice devil[an orc high priest] (14)]
  2460 | D        | Killed an orc high priest
  2463 | D        | Killed an orc high priest
  2802 | D        | Noticed Joseph
  2815 | D        | Killed Joseph
  2959 | D        | Noticed a fire dragon
  2969 | D        | Received a gift from Trog
  2970 | D        | Noticed a great orb of eyes
  2976 | D        | Noticed a rakshasa
  2983 | D        | Killed a fire dragon
  2994 | D        | Noticed a brown very ugly thing
  2998 | D        | Noticed a rakshasa
  3001 | D        | Noticed a cyan very ugly thing
  3010 | D        | Received a gift from Trog
  3021 | D        | Killed a white very ugly thing
  3026 | D        | Noticed a sun demon
  3026 | D        | Killed a cyan very ugly thing
  3043 | D        | Killed a great orb of eyes
  3043 | D        | Reached skill level 19 in Axes
  3058 | D        | Noticed an ettin
  3063 | D        | Noticed an ettin
  3148 | D        | Mangled by an ettin

Skill      XL: |  1  2  3  4  5  6  7  8  9 10 11 12 |
---------------+-------------------------------------+-----
Axes           | 3 5 6 8 9 11 13 14 16 18 19 | 19.0
Fighting       | 4 6 7 8 9 11 12 13 15 16 18 | 18.0
Armour         | 3 5 6 7 9 11 13 | 13.5
Dodging        | 2 3 4 5 6 7 8 |  8.1
Stealth        | 1 2 3 |  3.8

Action                   |  1- 3 |  4- 6 |  7- 9 | 10-12 || total
-------------------------+-------+-------+-------+-------++-------
Melee: Hand axe          |    15 |     7 |       |       ||    22
       Broad axe         |       |    12 |    42 |       ||    54
       Battleaxe         |       |       |     7 |    75 ||    82
       War axe           |       |       |       |   205 ||   205
Invok: Berserk           |     1 |     1 |     3 |     5 ||    10
       Brothers in Arms  |       |       |       |    10 ||    10
  Use: Scroll            |       |       |       |     1 ||     1
       Potion            |       |       |       |     6 ||     6
  Eat: Chunk             |       |       |     3 |    12 ||    15
       Ration            |       |       |       |     1 ||     1
Armor: Animal skin       |     6 |     1 |       |       ||     7
       Scale mail        |       |       |    23 |    20 ||    43
       Plate armour      |       |       |       |   133 ||   133
Dodge: Dodged            |    12 |    15 |    35 |   109 ||   171
